 Dungeon Crawl Stone Soup version 0.24-a0-446-g87df7205b4 (webtiles) character file.

Game seed: 11239133074571578477

414 vurker the Shield-Bearer (level 7, -3/55 HPs)
             Began as a Formicid Fighter on June 23, 2019.
             Slain by Menkaure (11 damage)
             ... on level 4 of the Dungeon.
             The game lasted 00:05:55 (3305 turns).

vurker the Shield-Bearer (Formicid Fighter)         Turns: 3305, Time: 00:05:56

Health: -3/55      AC:  9    Str: 27    XL:     7   Next: 14%
Magic:  7/7        EV:  8    Int:  8    God:
Gold:   200        SH: 10    Dex: 10    Spells: 6/6 levels left

rFire    . . .     SeeInvis +   a - +0 war axe
rCold    . . .     Gourm    .   c - +0 shield
rNeg     . . .     Faith    .   b - +0 scale mail
rPois    .         Spirit   .   (helmet unavailable)
rElec    .         Reflect  .   s - +1 cloak
rCorr    .         Harm     .   (no gloves)
MR       .....                  (no boots)
Stlth    ..........             w - amulet of regeneration
HPRegen  0.58/turn              (no ring)
MPRegen  0.10/turn              (no ring)

@: mighty
A: permanent stasis, dig shafts and tunnels, four strong arms, antennae 3
a: Dig, Shaft Self


You were on level 4 of the Dungeon.
You were not hungry.

You visited 1 branch of the dungeon, and saw 4 of its levels.

You collected 200 gold pieces.

Inventory:

Hand Weapons
 a - a +0 war axe (weapon)
Armour
 b - a +0 scale mail (worn)
 c - a +0 shield (worn)
 s - a +1 cloak (worn)
   (You took it off Crazy Yiuf on level 2 of the Dungeon)
Jewellery
 w - an amulet of regeneration (around neck)
   (You found it on level 3 of the Dungeon)
Scrolls
 i - 2 scrolls of remove curse {@r2}
 j - a scroll of magic mapping
Potions
 g - a potion of agility
 m - 4 potions of curing {@q1}
 n - a potion of invisibility {unknown}
 r - a potion of lignification {unknown}
 v - a potion of cancellation
Comestibles
 e - 11 rations {!d}
 f - 13 chunks of flesh


   Skills:
 + Level 4.6 Fighting
 * Level 4.7 Axes
 + Level 4.6 Armour
 + Level 5.1 Shields


You had 6 spell levels left.
You didn't know any spells.
Your spell library was empty.

Dungeon Overview and Level Annotations

Branches:
Dungeon (4/15)
 Temple: D:4-7

Altars:
Cheibriados

Annotations:
D:4 Dowan, Menkaure


Innate Abilities, Weirdness & Mutations

You cannot be hasted, slowed, berserked, paralysed or teleported.
You can dig through walls and to a lower floor.
Your four strong arms can wield two-handed weapons with a shield.
You have a pair of large antennae on your head. (SInv)


Message History

You hit Duvessa.
Duvessa gestures with her weapon.
Duvessa closely misses you.
You hit Duvessa. You block Duvessa's attack. Duvessa closely misses you.
You miss Duvessa. You block Duvessa's attack.
You closely miss Duvessa. Duvessa hits you but does no damage.
You barely miss Duvessa. Duvessa hits you with a +0 rapier.
You closely miss Duvessa. You block Duvessa's attack.
Duvessa hits you but does no damage.
You slash Duvessa! Duvessa hits you with a +0 rapier!
Menkaure, Prince of Dust comes into view.
You closely miss Duvessa. Duvessa barely misses you.
Menkaure calls on the powers of darkness!
Dowan convulses!
Duvessa convulses!
Your body is wracked with pain!
* * * LOW HITPOINT WARNING * * *
You slash Duvessa!
You kill Duvessa!
Dowan seems overcome with grief, but rights himself reflexively soon after.
Dowan seems to find hidden reserves of power!
You have reached level 7!
Dowan casts a spell.
Dowan blinks!
Menkaure shouts, "Why can't you leave me to my rest?"
You block Dowan's attack.
You hit Menkaure.
Your scale mail prevents you from hitting Dowan.
Dowan gestures wildly while chanting.
Dowan blinks!
Menkaure barely misses you.
You barely miss Menkaure.
Dowan points at you and mumbles some strange words.
The stone arrow hits you!
* * * LOW HITPOINT WARNING * * *
Dowan gestures wildly while chanting.
Dowan blinks!
Menkaure hits you.
* * * LOW HITPOINT WARNING * * *
You feel much better. You block Dowan's attack.
You hit Menkaure. You closely miss Dowan. Dowan barely misses you.
Menkaure's bandages flutter.
Menkaure gestures wildly while chanting.
Menkaure seems to speed up.
Dowan hits you but does no damage.
You hit Menkaure. You slash Dowan!
Menkaure calls on the powers of darkness!
Your body is wracked with pain!
* * * LOW HITPOINT WARNING * * *
Dowan convulses!
Dowan points at you and mumbles some strange words.
The shard of ice hits you!
* * * LOW HITPOINT WARNING * * *
Menkaure hits you!
You die...

##### *********** #...#
,,,*,,,,,,* #######.#.#
,,,*,,,,,,***#.M@e...#.#
,,,*,,,,,,#....#######.#
,,,*,,,,,,####.*,...<#.#
,,,*,,,,,,**,..,,....#.#########
,,,*,,,,,,**.#.*,#...#......†..#
,,,*,,,,,,*#.#.*,#.#.#########.#
,,,*,,,,,,*#,#.*,#<..........#.#
,,,*,,,,,,,,,#.#.#)#.#######.#.##
****,,,,,,***#.#.#)#..........(#.


You could see Menkaure and Dowan.

Vanquished Creatures
  Duvessa (D:4)
  2 scorpions
  2 orc priests
  Crazy Yiuf (D:2)
  Terence (D:2)
  A worker ant (D:4)
  An adder (D:3)
  An ooze (D:1)
  A worm (D:3)
  A dart slug (D:1)
  5 leopard geckos
  9 orcs
  A ball python (D:3)
  7 bats
  2 giant cockroaches
  9 goblins
  2 hobgoblins
  12 jackals (D:3)
  2 frilled lizards
  6 kobolds
  4 rats
71 creatures vanquished.

Notes
Turn   | Place    | Note
-------+----------+-------------------------------------------
     0 | D:1      | vurker the Formicid Fighter began the quest for the Orb.
     0 | D:1      | Reached XP level 1. HP: 18/18 MP: 1/1
    76 | D:1      | Reached XP level 2. HP: 23/24 MP: 2/2
   561 | D:1      | Reached XP level 3. HP: 29/29 MP: 3/3
   658 | D:1      | Reached skill level 4 in Shields
  1159 | D:2      | Noticed a scorpion
  1166 | D:2      | Killed a scorpion
  1166 | D:2      | Reached XP level 4. HP: 35/37 MP: 4/4
  1658 | D:2      | Noticed Terence
  1666 | D:2      | Killed Terence
  1666 | D:2      | Reached XP level 5. HP: 42/42 MP: 5/5
  1805 | D:2      | Found a runed translucent door.
  1806 | D:2      | Noticed Crazy Yiuf
  1962 | D:2      | Killed Crazy Yiuf
  2666 | D:3      | Reached XP level 6. HP: 48/48 MP: 6/6
  3199 | D:4      | Found a snail-covered altar of Cheibriados.
  3224 | D:4      | Reached skill level 5 in Shields
  3283 | D:4      | Noticed Duvessa
  3283 | D:4      | Noticed Dowan
  3298 | D:4      | Noticed Menkaure
  3300 | D:4      | Killed Duvessa
  3300 | D:4      | Reached XP level 7. HP: 22/55 MP: 7/7
  3305 | D:4      | Slain by Menkaure

Levels and vault maps discovered:
D:1:      lightli_arrival_statuegarden, layout_loops_ring
D:2:      layout_loops_ring, first_ration, uniq_terence, uniq_crazy_yiuf_cottage
D:3:      layout_basic
D:4:      layout_basic, cheibriados_altar_1, uniq_menkaure, uniq_natasha,
          uniq_duvessa, uniq_ijyb

Skill      XL: |  1  2  3  4  5  6 |
---------------+-------------------+-----
Shields        | 4 5 |  5.1
Axes           | 3 4 |  4.7
Fighting       | 4 |  4.6
Armour         | 4 |  4.6

Action                   |  1- 3 |  4- 6 |  7- 9 || total
-------------------------+-------+-------+-------++-------
Melee: War axe           |    75 |   198 |     4 ||   277
  Use: Scroll            |       |    11 |       ||    11
       Potion            |       |     1 |     1 ||     2
  Eat: Chunk             |       |     8 |       ||     8
Armor: Scale mail        |    38 |    66 |     1 ||   105
Dodge: Dodged            |    38 |    71 |     2 ||   111
Block: Shield            |    49 |   109 |     2 ||   160

Table legend:
 A = Non-vault XP
 B = Vault XP
 C = Vault XP percentage of total XP
 D = Non-vault monster count
 E = Vault monster count
 F = Vault count percentage of total count
                 A         B        C        D         E       F
            +---------+---------+-------+---------+---------+-------
      Total |     404 |     188 |  31.8 |      68 |       3 |   4.2
            +---------+---------+-------+---------+---------+-------
        D:1 |      49 |       0 |   0.0 |      21 |       0 |   0.0
        D:2 |      84 |      73 |  46.5 |       8 |       2 |  20.0
        D:3 |     115 |       0 |   0.0 |      31 |       0 |   0.0
        D:4 |     156 |     115 |  42.4 |       8 |       1 |  11.1
            +---------+---------+-------+---------+---------+-------
